 Dungeon Crawl Stone Soup version bcrawl-1.13.1 (webtiles) character file.

Game seed: 15959414206142526139

51 Revguard the Sneak (level 3, -1/26 HPs)
             Began as a Demonspawn Archaeologist on Aug 2, 2019.
             Succumbed to a worker ant's poison
             ... on level 2 of the Dungeon.
             The game lasted 00:03:17 (1674 turns).

Revguard the Sneak (Demonspawn Archaeologist)       Turns: 1674, Time: 00:03:18

Health: -1/26      AC:  6    Str: 16    XL:     3   Next: 58%
Magic:  3/3        EV: 13    Int: 15    God:
Gold:   81         SH:  0    Dex: 12    Spells: 2/2 levels left

rFire    . . .     SeeInvis .   a - +0 whip
rCold    + . .     Gourm    .   (no shield)
rNeg     . . .     Faith    .   b - +1 robe
rPois    .         Spirit   .   c - +1 hat
rElec    .         Reflect  .   (no cloak)
rCorr    .         Harm     .   (no gloves)
MR       .....                  d - +1 pair of boots
Stlth    ++........             (no amulet)
HPRegen  0.08/turn              (no ring)
MPRegen  0.08/turn              (no ring)

@: mighty, lethally poisoned (-1 -> -22), studying Armour
A: cold resistance 1, powered by pain 1
a: no special abilities


You were on level 2 of the Dungeon.
You were not hungry.

You visited 1 branch of the dungeon, and saw 2 of its levels.

You collected 81 gold pieces.

Inventory:

Hand Weapons
 a - a +0 whip (weapon)
 j - a +1 vampiric whip
Armour
 b - a +1 robe (worn)
 c - a +1 hat (worn)
 d - a +1 pair of boots (worn)
Scrolls
 g - a scroll of enchant weapon
 i - 2 scrolls of identify {unknown}
Potions
 l - a potion of curing {unknown}
Books
 e - a manual of Armour
Miscellaneous
 f - an ancient crate
Comestibles
 h - a ration {!d}
 k - 2 chunks of flesh


   Skills:
 + Level 1.0 Fighting
 + Level 1.7 Maces & Flails
 * Level 0.8 Armour
 + Level 3.0 Dodging
 + Level 3.5 Stealth
 * Level 0.8 Evocations


You had 2 spell levels left.
You didn't know any spells.
Your spell library was empty.

Dungeon Overview and Level Annotations

Branches:
Dungeon (2/12)

Altars:
The Shining One


Innate Abilities, Weirdness & Mutations

Your flesh is cold resistant. (rC+)
You sometimes gain a little power by taking damage.


Message History

The worker ant is moderately wounded.
The worker ant closely misses you. The worker ant bites you.
You are lethally poisoned!
The worker ant poisons you!
You hit the worker ant but do no damage.
The worker ant is moderately wounded.
You feel sick. The worker ant bites you!
* * * LOW HITPOINT WARNING * * *
You focus on the pain.
You feel very mighty all of a sudden.
You are more poisoned.
The worker ant poisons you!
You whack the worker ant!
The worker ant is severely wounded.
* * * LOW HITPOINT WARNING * * *
You feel sick. The worker ant bites you.
* * * LOW HITPOINT WARNING * * *
You closely miss the worker ant.
The worker ant is severely wounded.
You die...

...# .# ...# .# ...# .#
.).# .# ...# .#
...##############.######
........................
.......#.####.##..#.###
#....#.#.##...##@.#
#....#.#.##.####.a#
#....#.#.##.# #..#
#....#.#.##.# #..#
#....#...##.# #..#
#....##..##.# #..#
#....##..##.# #...
#....###.##.####...
#....# #.........


You could see a worker ant.

Vanquished Creatures
  4 worms (D:2)
  A dart slug (D:2)
  A leopard gecko (D:1)
  3 orcs (D:2)
  A bat (D:1)
  4 giant cockroaches
  2 goblins
  3 hobgoblins
  2 jackals (D:2)
  3 frilled lizards
  5 kobolds
  4 rats
33 creatures vanquished.

Notes
Turn   | Place    | Note
-------+----------+-------------------------------------------
     0 | D:1      | Revguard the Demonspawn Archaeologist began the quest for
                  | the Orb.
     0 | D:1      | Reached XP level 1. HP: 15/15 MP: 1/1
    37 | D:1      | Reached skill level 1 in Maces & Flails
    76 | D:1      | Gained mutation: Your flesh is cold resistant. (rC+)
                  | [demonic ancestry]
    76 | D:1      | Reached XP level 2. HP: 21/21 MP: 2/2
   362 | D:2      | Found a glowing golden altar of the Shining One.
   982 | D:2      | Gained mutation: You sometimes gain a little power by
                  | taking damage. [demonic ancestry]
   982 | D:2      | Reached XP level 3. HP: 22/26 MP: 3/3
  1673 | D:2      | HP: 1/26 [worker ant (1)]
  1674 | D:2      | Succumbed to a worker ant's poison

Skill      XL: |  1  2  3 |
---------------+----------+-----
Maces & Flails | 1 |  1.7
Dodging        | 3 |  3.0
Fighting       | |  1.0
Armour         | |  0.8
Stealth        | |  3.5
Evocations     | |  0.8

Action                   || total
-------------------------++-------
Melee: Whip              ||   175
  Use: Potion            ||     3
       Scroll            ||     1
 Stab: Sleeping          ||     3
  Eat: Ration            ||     1
Armor: Robe              ||    36
       Skin              ||     7
Dodge: Dodged            ||   117
